 Dungeon Crawl Stone Soup version 0.29-a0-418-gc0181ea820 (webtiles) character file.

Game seed: 6886293119270305306

32 hquester the Skirmisher (level 3, -5/29 HPs)
             Began as a Demonspawn Abyssal Knight on May 17, 2022.
             Was a Believer of Lugonu.
             Killed by divine providence
             ... invoked by an orc priest
              (11 damage)
             ... on level 2 of the Dungeon.
             The game lasted 00:04:28 (1069 turns).

hquester the Skirmisher (Demonspawn Abyssal Knight) Turns: 1069, Time: 00:04:29

Health: -5/29      AC:  5    Str: 15    XL:     3   Next: 8%
Magic:  5/5        EV: 10    Int: 11    God:    Lugonu [**....]
Gold:   62         SH:  0    Dex: 13    Spells: 2/2 levels left

rFire   . . .      SeeInvis +   k - +1 dagger (speed)
rCold   . . .      Faith    .   (no shield)
rNeg    . . .      Spirit   .   d - +0 ring mail
rPois   .          Reflect  .   (no helmet)
rElec   .          Harm     .   (no cloak)
rCorr   .          Rampage  .   (no gloves)
Will    .....                   (no boots)
Stlth   +.........              (no amulet)
HPRegen 0.09/turn               i - ring of see invisible
MPRegen 0.09/turn               (no ring)

@: no status effects
A: spiny 1
a: Renounce Religion, Depart the Abyss, Bend Space


You were on level 2 of the Dungeon.
You worshipped Lugonu.
Lugonu was pleased with you.
You visited 1 branch of the dungeon, and saw 2 of its levels.
You visited the Abyss 1 time.

You collected 62 gold pieces.

Inventory:

Hand Weapons
 a - a +1 short sword
 k - a +1 dagger of speed (weapon)
Armour
 b - a +0 leather armour
 d - a +0 ring mail (worn)
Jewellery
 i - a ring of see invisible (left hand)
Scrolls
 c - a scroll of identify
Potions
 e - a potion of degeneration {unknown}
 f - a potion of berserk rage {unknown}
 g - a potion of heal wounds {unknown}
 h - 2 potions of attraction
 j - 2 potions of might {unknown}


   Skills:
 + Level 3.2 Fighting
 + Level 2.0 Short Blades
 + Level 2.1 Armour
 + Level 1.2 Dodging
 + Level 0.9 Stealth
 + Level 2.9 Invocations


You had 2 spell levels left.
You didn't know any spells.
Your spell library was empty.

Dungeon Overview and Level Annotations

Branches:
Dungeon (2/15)

Altars:


Innate Abilities, Weirdness & Mutations

You are partially covered in sharp spines.


Message History

A rat comes into view.
Found a dagger and 2 scrolls labelled XIZISO YTSEQIDOYN.
The bat barely misses you.
Found a silvery potion.
The bat barely misses you. The orc priest barely misses you.
A kobold comes into view. It is wielding a +0 whip.
You hit the orc priest but do no damage.
The bat hits you but does no damage.
You hit the orc priest.
The orc priest is lightly wounded.
The bat is struck by your spines.
You kill the bat!
Lugonu accepts your kill. The orc priest closely misses you.
You hit the orc priest but do no damage.
The orc priest is lightly wounded.
A rat comes into view.
The orc priest hits you with a +0 flail!
The orc is struck by your spines. The orc hits you with a +0 hand axe.
You hit the orc priest but do no damage.
The orc priest is lightly wounded.
You hit the orc priest but do no damage.
The orc priest is lightly wounded.
The kobold barely misses you.
The orc priest hits you with a +0 flail.
A goblin comes into view. It is wielding a +0 dagger.
The orc barely misses you. The kobold attacks as you move away!
The kobold hits you with a +0 whip.
The orc priest attacks as you move away!
The orc priest hits you with a +0 flail.
The rat twitches its whiskers.
The orc priest attacks as you move away!
The orc priest hits you with a +0 flail.
The kobold attacks as you move away! The kobold hits you with a +0 whip.
The orc priest attacks as you move away!
The orc priest hits you with a +0 flail.
* * * LOW HITPOINT WARNING * * *
The orc priest mumbles some strange prayers to Beogh against you.
Beogh smites you!
You die...

#.#.# ##†.......
#.#.# #......#
#.#.######.....##
...
#...)..#....####
...
#.##........##
....
#..##....###..#
..... #.
####....#.###....
..
###.##.#.#......
#. #....@K....#
.. #.#.##.oo.##
...####r..#
#.#.## ##.g# #
##......! #.r..##
.##..) .. .? o..
.


You could see an orc priest, an orc, a goblin, a kobold and 2 rats.

Vanquished Creatures
  3 endoplasms (D:1)
  A giant cockroach (D:1)
  3 goblins (D:1)
  2 hobgoblins (D:1)
  8 jackals (D:1)
  4 ball pythons (D:1)
  3 bats
  2 kobolds
26 creatures vanquished.

Vanquished Creatures (others)
  2 plants (D:1)
2 creatures vanquished.

Grand Total: 28 creatures vanquished

Notes
Turn   | Place    | Note
-------+----------+-------------------------------------------
     0 | Abyss:1  | hquester the Demonspawn Abyssal Knight began the quest for
                  | the Orb.
     0 | Abyss:1  | Reached XP level 1. HP: 18/18 MP: 2/2
    10 | D:1      | Escaped the Abyss
   230 | D:1      | Reached skill level 1 in Dodging
   292 | D:1      | Gained mutation: You are partially covered in sharp spines.
                  | [demonic ancestry]
   292 | D:1      | Reached XP level 2. HP: 10/24 MP: 3/3
   904 | D:1      | Reached XP level 3. HP: 29/29 MP: 5/5
  1069 | D:2      | Killed from afar by an orc priest

Illustrated notes

Levels and vault maps discovered:
D:1:      minmay_arrival_statue_studded, layout_basic, serial_forest,
          infiniplex_forest_lined_room_, infiniplex_forest_corner_1,
          infiniplex_forest_clump_cross, infiniplex_forest_end_1,
          infiniplex_forest_clump_medium, infiniplex_forest_clump_small,
          infiniplex_forest_end_2
D:2:      layout_rooms, basic_altar, amcnicky_mini_rare_corridor_liquid,
          uniq_crazy_yiuf_cottage

Skill      XL: |  1  2 |
---------------+-------+-----
Dodging        | 1 |  1.2
Armour         | 2 |  2.1
Short Blades   | 2 |  2.0
Fighting       | |  3.2
Stealth        | |  0.9
Invocations    | |  2.9

Action                   || total
-------------------------++-------
Melee: Short sword       ||    48
       Dagger            ||    13
       Punch             ||     1
  Use: Scroll            ||     3
Armor: Ring mail         ||    25
       Leather armour    ||     1
Dodge: Dodged            ||    36

Table legend: (Time is in decaauts)
 A = Elapsed time spent in this place.
 B = Non-inter-level travel time spent in this place.
 C = Inter-level travel time spent in this place.
 D = Time resting spent in this place.
 E = Time spent auto-exploring this place.
 F = Levels seen in this place.
 G = Mean time per level.
                   A        B        C        D        E       F      G
               +--------+--------+--------+--------+--------+-----+--------+
         Total |   1062 |   1044 |     18 |      0 |    854 |   3 |  354.0 |
       Dungeon |   1052 |   1034 |     18 |      0 |    850 |   2 |  526.0 |
         Abyss |     10 |     10 |      0 |      0 |      4 |   1 |   10.0 |
               +--------+--------+--------+--------+--------+-----+--------+

Top non-repeatable levels by time:
     D:1: 998 daAuts
     D:2: 54 daAuts
 Abyss:1: 10 daAuts
